 Dungeon Crawl Stone Soup version 0.30-a0-722-g3e6e8c874d (webtiles) character file.

Game seed: 10676048457829166590

74 Bnni the Vexing (level 4, -2/24 (33) HPs)
             Began as a Formicid Hexslinger on Jan 27, 2023.
             Slain by a necrophage (6 damage)
             ... on level 2 of the Dungeon.
             The game lasted 00:01:59 (1496 turns).

Bnni the Vexing (Formicid Hexslinger)               Turns: 1496, Time: 00:02:00

HP:   -2/24 (33)    AC:  3    Str: 14    XL:     4   Next: 52%
MP:   1/6           EV: 12    Int: 13    God:
Gold: 60            SH:  0    Dex: 16    Spells: 2/6 levels left

rFire   . . .      SeeInvis +    a - +1 sling
rCold   . . .      Faith    .    (no shield)
rNeg    . . .      Spirit   .    c - +0 robe
rPois   .          Reflect  .    (helmet unavailable)
rElec   .          Harm     .    g - +0 cloak
rCorr   .          Rampage  .    (no gloves)
Will    .....                    (no boots)
Stlth   +                        (no amulet)
HPRegen 0.24/turn                (no ring)
MPRegen 0.10/turn                (no ring)

@: very heavily drained
A: permanent stasis, dig shafts and tunnels, antennae 3, four strong arms
a: Dig, Shaft Self


You were on level 2 of the Dungeon.
You visited 1 branch of the dungeon, and saw 3 of its levels.

You collected 60 gold pieces.

Inventory:

Hand Weapons
 a - a +1 sling (weapon)
Missiles
 i - 3 poisoned darts
Armour
 c - a +0 robe (worn)
 g - a +0 cloak (worn)
Wands
 h - a wand of iceblast (7)
Scrolls
 b - a scroll of poison
 d - 2 scrolls of identify {unknown}
 e - 2 scrolls of brand weapon {unknown}
Potions
 f - a potion of might {unknown}
 j - a potion of curing {unknown}


   Skills:
 + Level 1.8 Fighting
 * Level 2.6 Ranged Weapons
 - Level 1.7 Dodging
 + Level 1.7 Spellcasting
 * Level 4.3 Hexes
 * Level 1.6 Fire Magic


You had 2 spell levels left.
You knew the following spells:

 Your Spells              Type           Power      Damage    Failure   Level
a - Slow                  Hex            48%        N/A       4%          1
b - Inner Flame           Hex/Fire       8%         N/A       22%         3

Your spell library contained the following spells:

 Spells                   Type           Power      Damage    Failure   Level
 Portal Projectile        Hex/Tloc       12%        N/A       32%         3
 Cause Fear               Hex            6%         N/A       41%         4


Dungeon Overview and Level Annotations

Branches:
Dungeon (3/15)

Altars:


Innate Abilities, Weirdness & Mutations

You cannot be hasted, slowed, berserked, paralysed or teleported.
You can dig through walls and to a lower floor.
You have a pair of large antennae on your head. (SInv)
Your four strong arms can wield two-handed weapons with a shield.


Message History

The necrophage closely misses you.
Your magical contamination has completely faded away.
The necrophage attacks as you move away!
The necrophage closely misses you.
The necrophage attacks as you move away!
The necrophage closely misses you.
Casting: Slow (safe; 4% risk of failure)
Confirm with . or Enter, or press ? or * to list all spells.
Aiming: Slow (safe; 4% risk of failure)
Press: ? - help, Shift-Dir - straight line, f/p - necrophage
Aim: a necrophage (chance to affect: 28%)
The necrophage easily resists.
The necrophage hits you but does no damage.
The necrophage attacks as you move away!
The necrophage hits you.
You feel drained.
The necrophage attacks as you move away!
The necrophage hits you but does no damage.
The necrophage attacks as you move away!
The necrophage hits you but does no damage.
Casting: Slow (safe; 4% risk of failure)
Confirm with . or Enter, or press ? or * to list all spells.
Aiming: Slow (safe; 4% risk of failure)
Press: ? - help, Shift-Dir - straight line, f/p - necrophage
Aim: a necrophage (chance to affect: 28%)
You miscast Slow.
You are very lightly contaminated with residual magic.
Nothing appears to happen.
The necrophage hits you.
* * * LOW HITPOINT WARNING * * *
Your magical contamination has completely faded away.
There is a stone staircase leading down here.
The necrophage attacks as you move away!
The necrophage hits you.
* * * LOW HITPOINT WARNING * * *
You feel drained.
* * * LOW HITPOINT WARNING * * *
The necrophage attacks as you move away!
The necrophage barely misses you.
The necrophage attacks as you move away!
The necrophage hits you.
You die...

....###†..##................##...
...## #.#####.####...#####....#.#
#### #.......# #.........#.###.
#.####### #...########.#.# #.#
#...# ##... #######.# #######>..#
#.## ........# #.........# ###.##
######### #.###n#.##### #.....
#.###@......# #.....
####.##......#.#####.....
#..................#.....
#.##.###........##.#.....
#.##............##.######
#.######..#......#.# # #.#
#.........#.# #†#
##.#.#.#..#.##### #>#
#..............##


You could see a necrophage.

Vanquished Creatures
  3 adders (D:2)
  3 worms (D:2)
  2 dart slugs (D:1)
  4 endoplasms
  4 giant cockroaches
  6 hobgoblins
  A ball python (D:2)
  4 bats
  3 frilled lizards
  4 kobolds
  2 rats (D:1)
36 creatures vanquished.

Notes
Turn   | Place    | Note
-------+----------+-------------------------------------------
     0 | D:1      | Bnni the Formicid Hexslinger began the quest for the Orb.
     0 | D:1      | Reached XP level 1. HP: 15/15 MP: 2/2
    54 | D:1      | Reached XP level 2. HP: 21/21 MP: 3/3
   195 | D:1      | Reached skill level 4 in Hexes
   195 | D:1      | Reached skill level 1 in Fire Magic
   435 | D:1      | Reached XP level 3. HP: 26/26 MP: 4/4
   524 | D:2      | Identified the +1 ring mail "Rinimih" {Str+3 SInv}
   683 | D:2      | Reached XP level 4. HP: 31/33 MP: 6/6
   687 | D:2      | Learned a level 3 spell: Inner Flame
  1236 | D:3      | Noticed a necrophage
  1496 | D:2      | Slain by a necrophage

Illustrated notes

Levels and vault maps discovered:
D:1:      dpeg_arrival_fog, layout_rooms, grunt_decor_fettered
D:2:      layout_loops_cross, grunt_decor_cap
D:3:      layout_loops_cross, minitemple, mainiacjoe_overflow_cross_hatched

Skill      XL: |  1  2 |
---------------+-------+-----
Hexes          | 4 |  4.3
Fire Magic     | 1 |  1.6
Fighting       | |  1.8
Ranged Weapons | |  2.6
Dodging        | |  1.7
Spellcasting   | |  1.7

Action                     |  1- 3 |  4- 6 || total
---------------------------+-------+-------++-------
   Fire: Sling             |    71 |    55 ||   126
   Cast: Slow              |       |    12 ||    12
 Armour: Robe              |     6 |    14 ||    20
  Dodge: Dodged            |    13 |    43 ||    56

Table legend: (Time is in decaauts)
 A = Elapsed time spent in this place.
 B = Non-inter-level travel time spent in this place.
 C = Inter-level travel time spent in this place.
 D = Time resting spent in this place.
 E = Time spent auto-exploring this place.
 F = Levels seen in this place.
 G = Mean time per level.
                   A        B        C        D        E       F      G
               +--------+--------+--------+--------+--------+-----+--------+
         Total |   1532 |   1504 |     28 |    149 |   1018 |   3 |  510.7 |
       Dungeon |   1532 |   1504 |     28 |    149 |   1018 |   3 |  510.7 |
               +--------+--------+--------+--------+--------+-----+--------+

Top non-repeatable levels by time:
     D:2: 1030 daAuts
     D:1: 488 daAuts
     D:3: 13 daAuts
